 Dungeon Crawl Stone Soup version 0.21.2 (webtiles) character file.

0 glosham the Skirmisher (level 1, 0/22 HPs)
             Began as a Troll Abyssal Knight on Dec 18, 2018.
             Was a Follower of Lugonu.
             Killed from afar by a smoke demon (8 damage)
             ... with a ball of steam
             ... on level 1 of the Abyss.
             The game lasted 00:02:46 (163 turns).

glosham the Skirmisher (Troll Abyssal Knight)        Turns: 163, Time: 00:02:46

Health: 0/22       AC:  5    Str: 17 (19) XL:     1   Next: 0%
Magic:  1/1        EV: 10    Int:  6 (8)  God:    Lugonu [*.....]
Gold:   0          SH:  0    Dex:  7 (9)  Spells: 0/0 levels left

rFire    . . .     SeeInvis .     - Unarmed
rCold    . . .     Gourm    +   (no shield)
rNeg     . . .     Faith    .   a - +0 robe
rPois    .         Spirit   .   (helmet restricted)
rElec    .         Reflect  .   (no cloak)
rCorr    .         Harm     .   (gloves unavailable)
MR       .....                  (boots unavailable)
Stlth    +.........             (no amulet)
HPRegen  0.47/turn              (no ring)
MPRegen  0.07/turn              (no ring)

@: no status effects
A: large, unfitting armour, claws 3, fast metabolism 3, gourmand, regeneration
1, shaggy fur 1, tough skin 2
a: Depart the Abyss, Renounce Religion


You were on level 1 of the Abyss.
You worshipped Lugonu.
Lugonu was aware of your devotion.
You were not hungry.

You visited 0 branches of the dungeon, and saw 0 of its levels.
You visited the Abyss 1 time.

Inventory:

Armour
 a - a +0 robe (worn)
Comestibles
 b - 2 rations


   Skills:
 - Level 2.4 Fighting
 - Level 1.9 Dodging
 * Level 2.0 Unarmed Combat
 - Level 1.5 Invocations


You couldn't memorise any spells.
You didn't know any spells.

Dungeon Overview and Level Annotations

Branches:
Dungeon (0/15)

Altars:


Innate Abilities, Weirdness & Mutations

You are too large for most types of armour.
You have claws for hands.
Your metabolism is lightning-fast.
You like to eat raw meat.
Your natural rate of healing is unusually fast.
You are covered in fur. (AC +1)
You have very tough skin. (AC +2)


Message History

Welcome, glosham the Troll Abyssal Knight.
Will you prevail where others failed? Will you find the Orb of Zot?
Lugonu says: Depart the Abyss and spread corruption, my servant! (use the ability menu to exit the Abyss) Press ? for a list of commands and other information.
Found a corrupted altar of Lugonu.
Found a gateway leading out of the Abyss.
There is a gateway leading out of the Abyss here.
A ynoxinul comes into view.
A small abomination comes into view.
A neqoxec comes into view.
Found a bubbling purple potion.
You see here a bubbling purple potion.
It was a potion of degeneration.
There was something very wrong with that liquid.
You feel weakened.
You feel dopey.
You feel clumsy.
A small abomination comes into view.
An efreet comes into view. It is wielding a scimitar of flaming.
The small abomination completely misses you.
The efreet hits you but does no damage.
The small abomination hits you but does no damage.
The small abomination is engulfed in blazing flames.
A raiju comes into view.
A small abomination comes into view.
The small abomination moves out of view.
The small abomination hits you.
A wretched star comes into view.
The wretched star glows turbulently.
The orb of energy hits you!
Ouch! That really hurt!
* * * LOW HITPOINT WARNING * * *
The small abomination barely misses you.
A tentacled starspawn comes into view.
A harpy simulacrum comes into view.
A smoke demon comes into view.
The smoke demon roars!
The smoke demon gestures at you. The ball of steam hits you!
You die...

..## ..# .. .#3 ..#
#.Z.... .. ###..#
..#.# .# ...h#..#§..
. #.#.#..#.§#### .
..*#....#§...# ##.
#..##.##.@.#.# ..
##..#.#..x##..#
#.##....#.##.x.#.# .
#..§.§...#.R..##.#
.###.x#§#h###§*....#
..#.§####§.§....##..#
.#.#.§##.......##.#
#..
##..#.###.#.##....# .
... .#.. ...#.#.#.#


You could see a wretched star, an efreet, a raiju and a small abomination.

Vanquished Creatures (others)
  A small abomination (Abyss:1)
1 creature vanquished.

Notes
Turn   | Place    | Note
-------+----------+-------------------------------------------
     0 | Abyss:1  | glosham the Troll Abyssal Knight began the quest for the Orb.
     0 | Abyss:1  | Reached XP level 1. HP: 22/22 MP: 1/1
    88 | Abyss:1  | Noticed a ynoxinul
   108 | Abyss:1  | Noticed a small abomination
   109 | Abyss:1  | Noticed a neqoxec
   137 | Abyss:1  | Noticed a small abomination
   142 | Abyss:1  | Noticed an efreet
   153 | Abyss:1  | Noticed a raiju
   154 | Abyss:1  | Noticed a small abomination
   155 | Abyss:1  | Noticed a wretched star
   157 | Abyss:1  | Killed a small abomination
   162 | Abyss:1  | Noticed a tentacled starspawn
   163 | Abyss:1  | Noticed a harpy simulacrum
   163 | Abyss:1  | Noticed a smoke demon
   163 | Abyss:1  | Killed from afar by a smoke demon

Action                   || total
-------------------------++-------
  Use: Potion            ||     1
Armor: Robe              ||     1
Dodge: Dodged            ||     2

Table legend:
 A = Turns spent in this place as a percentage of turns spent in the entire game.
 B = Non-inter-level travel turns spent in this place as a percentage of non-inter-level travel turns spent in the entire game.
 C = Inter-level travel turns spent in this place as a percentage of turns spent in this place.
 D = Turns resting spent in this place as a percentage of non-inter-level travel turns spent in this place.
 E = Turns spent auto-exploring this place as a percentage of non-inter-level travel turns spent in this place.
 F = Non-inter-level travel turns spent in this place divided by the number of levels of this place that you've seen.
                   A       B       C       D       E      F
               +-------+-------+-------+-------+-------+----------------------
         Total | 100.0 | 100.0 |   0.0 |   0.0 |   0.0 | 163.0
         Abyss | 100.0 | 100.0 |   0.0 |   0.0 |   0.0 | 163.0
               +-------+-------+-------+-------+-------+----------------------

Vault maps used:
Abyss:1:  gammafunk_corrupted_shrine, hangedman_abyss_or_decor_passed
